 Dungeon Crawl Stone Soup version 0.25.1-2-g60ff931df9 (webtiles) character file.

Game seed: 17039059016799001216

22460 hawla the Carver (level 12, 0/168 HPs)
             Began as a Minotaur Berserker on Oct 26, 2020.
             Was a High Priest of Trog.
             Slain by a very large slime creature (34 damage)
             ... on level 13 of the Dungeon.
             The game lasted 00:46:09 (13574 turns).

hawla the Carver (Minotaur Berserker)              Turns: 13574, Time: 00:46:10

Health: 0/168      AC: 26    Str: 27    XL:     12   Next: 63%
Magic:  11/11      EV:  2    Int:  4    God:    Trog [*****.]
Gold:   432        SH:  0    Dex: 10    Spells: 11/11 levels left

rFire    + . .     SeeInvis .   r - -1 quick blade (flame)
rCold    . . .     Gourm    .   (no shield)
rNeg     + + +     Faith    .   (armour currently unavailable)
rPois    +         Spirit   .   (helmet currently unavailable)
rElec    +         Reflect  .   (cloak currently unavailable)
rCorr    .         Harm     .   (gloves currently unavailable)
MR       .....     NoTele   +   (boots currently unavailable)
Stlth    +.........             K - amulet "Myuroban" {RegenMP +Inv rElec rPois}
HPRegen  0.38/turn              k - ring of positive energy
MPRegen  0.37/turn              o - ring of protection from fire

@: tree-form, very slightly contaminated
A: (retaliatory headbutt)
a: Berserk, Trog's Hand, Brothers in Arms, Renounce Religion, Evoke Invisibility


You were on level 13 of the Dungeon.
You worshipped Trog.
Trog was extremely pleased with you.
You were hungry.
You were a tree.
You visited 2 branches of the dungeon, and saw 14 of its levels.
You also visited: Ice Cave.

You collected 768 gold pieces.
You spent 336 gold pieces at shops.

Inventory:

Hand Weapons
 j - a +0 lajatang
 l - a +1 vampiric long sword
 r - a -1 quick blade of flaming (weapon)
 F - the +2 trident of Zuchyed {freeze, Str+4 Int+6}
   (You found it on level 7 of the Dungeon)

   It has been specially enchanted to freeze those struck by it, causing extra
   injury to most foes and up to half again as much damage against particularly
   susceptible opponents.
   It can also slow down cold-blooded creatures.
   It affects your strength (+4).
   It affects your intelligence (+6).
 G - the +11 flail of the Briny Deep {freeze, +Inv Str+2 Dex+2}
   (You found it on level 8 of the Dungeon)

   It has been specially enchanted to freeze those struck by it, causing extra
   injury to most foes and up to half again as much damage against particularly
   susceptible opponents.
   It can also slow down cold-blooded creatures.
   It affects your strength (+2).
   It affects your dexterity (+2).
   It lets you turn invisible.
 M - a +6 vorpal scimitar
 P - the +7 trident "Dolierot" {flame, MR+ Dex+4}
   (You found it on level 12 of the Dungeon)

   It has been specially enchanted to burn those struck by it, causing extra
   injury to most foes and up to half again as much damage against particularly
   susceptible opponents.
   It affects your dexterity (+4).
   It affects your resistance to hostile enchantments.
Missiles
 e - 82 poisoned darts (quivered)
 m - 3 boomerangs of dispersal
 A - 13 boomerangs
Armour
 n - a +0 pair of boots (melded)
 u - a +2 scale mail of fire resistance
 v - a +2 robe of magic resistance
 C - the +10 chain mail of Onuu {rElec}
   (You found it on level 8 of the Dungeon)

   It insulates you from electricity.
 H - the +0 pair of gloves of Erphialoan (melded) {MP+9 Str+3 Stlth+}
   (You found it in an ice cave)

   It affects your strength (+3).
   It affects your magic capacity (+9).
   It makes you more stealthy.
 Q - the +1 chain mail "Kympeiti" (melded) {rC+ MP+9 Str+3 Dex+4}
   (You found it on level 12 of the Dungeon)

   It affects your strength (+3).
   It affects your dexterity (+4).
   It protects you from cold.
   It affects your magic capacity (+9).
Jewellery
 k - a ring of positive energy (left branch)
 o - a ring of protection from fire (right branch)
 K - the amulet "Myuroban" (around neck) {RegenMP +Inv rElec rPois}
   (You found it on level 9 of the Dungeon)

   [amulet of magic regeneration]

   It increases your magic regeneration.
   It insulates you from electricity.
   It protects you from poison.
   It lets you turn invisible.
Wands
 h - a wand of paralysis (21)
 s - a wand of iceblast (24)
 y - a wand of random effects (14)
 J - a wand of disintegration (13)
Scrolls
 d - 4 scrolls of remove curse
 f - a scroll of fog
 g - 3 scrolls of identify
 p - 12 scrolls of teleportation
 q - 4 scrolls of blinking
 L - 3 scrolls of magic mapping
Potions
 b - a potion of heal wounds
 i - 4 potions of stabbing
 t - 3 potions of curing
 w - a potion of lignification
 x - 2 potions of might
 z - 2 potions of berserk rage
 B - 2 potions of mutation
 D - a potion of flight
 E - 2 potions of ambrosia
 I - a potion of resistance
Miscellaneous
 R - a box of beasts
Comestibles
 c - 26 rations


   Skills:
 + Level 11.8 Fighting
 + Level 5.4(9.4) Short Blades
 + Level 12.6(13.1) Long Blades
 + Level 5.9 Maces & Flails
 + Level 7.7 Polearms
 + Level 2.2 Throwing
 + Level 11.6 Armour
 * Level 9.2 Dodging


You had 11 spell levels left.
You didn't know any spells.
Your spell library was empty.

Dungeon Overview and Level Annotations

Branches:
Dungeon (13/15)            Temple (1/1) D:5            Lair (0/6) D:10
    Orc (0/2) D:10          IceCv (visited)
 Vaults: D:13-14

Altars:
Ashenzari
Dithmenos
Fedhas
Qazlal
Sif Muna
Xom
Yredelemnul
Zin
The Shining One

Shops:
D:6 *   D:9 [   D:10 :   D:12 =


Innate Abilities, Weirdness & Mutations

((You reflexively headbutt those who attack you in melee.))
((You have a pair of horns on your head.))


Message History

* * * LOW HITPOINT WARNING * * *
You hit the very large slime creature but do no damage.
Your headbutt misses the very large slime creature.
The very large slime creature is moderately wounded.
The orc warrior misses you.
You hit the very large slime creature. You burn the very large slime creature.
You headbutt the very large slime creature.
The very large slime creature is moderately wounded.
The centaur warrior hits you.
* * * LOW HITPOINT WARNING * * *
The slime creature hits you but does no damage.
Unknown command.
Really quaff the potion of lignification?
You turn into a tree.
The +0 pair of gloves of Erphialoan {MP+9 Str+3 Stlth+} melds into your body.
Your +0 pair of boots melds into your body.
The +1 chain mail "Kympeiti" {rC+ MP+9 Str+3 Dex+4} melds into your body.
Your roots penetrate the ground.
The very large slime creature hits you!!
You die...

# # ##.# # ###..##### #
#........# #....^...#
#........# # ######
#.....oo.###...
.....#####.....JOc'.l...
####.....'....5J♣o#
#######.....J..#
##########


You could see a very large slime creature, 2 slime creatures, a centaur warrior,
a two-headed ogre, a basilisk, an orc warrior, a shadow imp and 2 orcs.

Vanquished Creatures
  A hydra (D:12)
  An ogre mage (D:13)
  Nergalle (D:10)
  A deep elf knight (D:13)
  2 unseen horrors
  3 manticores
  A wolf spider (D:12)
  3 deep elf magi (D:13)
  An ugly thing (D:13)
  2 cyclopes (D:12)
  A gargoyle (D:12)
  A centaur skeleton (D:13)
  3 kobold demonologists
  2 yaktaurs
  A queen bee (D:8)
  A troll (D:8)
  A hornet (D:7)
  A slime creature (D:13)
  5 hippogriffs
  A shadow (D:12)
  2 wyverns
  6 yaks
  Eustachio (D:6)
  A wraith (D:10)
  Grum (D:10)
  A hungry ghost (D:10)
  2 acid dragons
  4 wargs
  A soldier ant (D:11)
  2 orc warriors
  5 sky beasts
  A black bear (D:11)
  7 ice beasts
  12 ogres
  2 wolves (D:10)
  A centaur (shapeshifter) (D:12)
  5 centaurs
  2 crocodiles
  7 big kobolds
  11 bullfrogs
  A wyvern skeleton (D:9)
  Dowan (D:6)
  5 scorpions
  A water moccasin skeleton (D:9)
  13 killer bees (D:8)
  4 howler monkeys
  5 wights (D:10)
  7 hounds
  4 jellies
  6 orc wizards
  12 orc priests
  A bullfrog skeleton (D:3)
  A gnoll shaman (D:5)
  5 iguanas
  6 worker ants
  A bullfrog simulacrum (D:9)
  2 hound skeletons
  A worker ant zombie (D:10)
  12 gnolls
  10 adders
  A shadow imp (D:8)
  3 white imps (D:9)
  An ooze (D:1)
  An adder skeleton (D:5)
  A worm (D:3)
  A dart slug (D:1)
  An adder simulacrum (D:9)
  2 leopard geckos
  55 orcs
  2 ball pythons (D:3)
  6 giant cockroaches
  6 goblins
  5 hobgoblins
  29 jackals
  5 quokkas
  12 bats
  2 frilled lizards (D:3)
  A jackal skeleton (D:4)
  A jackal zombie (D:5)
  13 kobolds
  A quokka zombie (D:5)
  3 rats
357 creatures vanquished.

Vanquished Creatures (collateral kills)
  2 deep elf magi (D:13)
  An ugly thing (IceCv)
  2 ice statues (IceCv)
  2 yaktaurs (D:13)
  Duvessa (D:6)
  An ice beast (IceCv)
  A jelly (D:13)
  2 orcs (D:6)
12 creatures vanquished.

Vanquished Creatures (others)
  An ugly thing (IceCv)
  An orc (D:13)
2 creatures vanquished.

Grand Total: 371 creatures vanquished

Notes
Turn   | Place    | Note
-------+----------+-------------------------------------------
     0 | D:1      | hawla the Minotaur Berserker began the quest for the Orb.
     0 | D:1      | Reached XP level 1. HP: 19/19 MP: 0/0
    56 | D:1      | Reached skill level 4 in Long Blades
    56 | D:1      | Reached XP level 2. HP: 26/27 MP: 1/1
   212 | D:1      | Reached ** piety under Trog
   217 | D:1      | Reached XP level 3. HP: 20/33 MP: 2/2
  1049 | D:2      | Reached skill level 5 in Long Blades
  1049 | D:2      | Reached XP level 4. HP: 8/41 MP: 3/3
  1740 | D:3      | Reached XP level 5. HP: 47/47 MP: 4/4
  2531 | D:3      | Reached skill level 6 in Long Blades
  2582 | D:4      | Reached XP level 6. HP: 53/55 MP: 5/5
  2691 | D:4      | Reached skill level 5 in Fighting
  3224 | D:4      | Found a shimmering altar of Xom.
  3685 | D:5      | Entered Level 5 of the Dungeon
  3721 | D:4      | Reached skill level 7 in Long Blades
  3721 | D:4      | Reached XP level 7. HP: 16/61 MP: 6/6
  3802 | D:4      | Reached *** piety under Trog
  3948 | D:5      | Reached skill level 1 in Throwing
  4251 | D:5      | Found a staircase to the Ecumenical Temple.
  4262 | Temple   | Entered the Ecumenical Temple
  4832 | D:6      | Found a shadowy altar of Dithmenos.
  4856 | D:6      | Reached skill level 8 in Long Blades
  4856 | D:6      | Reached skill level 5 in Armour
  4856 | D:6      | Reached XP level 8. HP: 71/71 MP: 7/7
  4987 | D:6      | Found a blossoming altar of Fedhas.
  5119 | D:6      | Noticed Eustachio
  5133 | D:6      | Killed Eustachio
  5158 | D:6      | Reached skill level 9 in Long Blades
  5163 | D:6      | Reached skill level 5 in Dodging
  5171 | D:6      | Reached **** piety under Trog
  5206 | D:6      | Noticed Duvessa
  5210 | D:6      | Noticed Dowan
  5232 | D:6      | Killed Dowan
  5235 | D:6      | HP: 3/73 [Duvessa/+5 short sword of protection (11)]
  5242 | D:6      | Killed Duvessa
  5370 | D:6      | Found a glowing golden altar of the Shining One.
  5515 | D:6      | Found Missakk's Lightly-Used Armoury.
  5699 | D:6      | Bought a -1 quick blade for 120 gold pieces
  5725 | D:7      | Reached skill level 1 in Short Blades
  5733 | D:7      | Reached XP level 9. HP: 75/79 MP: 8/8
  5796 | D:7      | Reached skill level 10 in Long Blades
  6171 | D:7      | Got a pitted trident
  6171 | D:7      | Identified the +2 trident of Zuchyed {freeze, Str+4 Int+6}
                  | (You found it on level 7 of the Dungeon)
  6276 | D:8      | Found a shimmering blue altar of Sif Muna.
  6290 | D:8      | Got a dazzling flail
  6404 | D:8      | Found a stormy altar of Qazlal.
  6481 | D:8      | Noticed a troll
  6492 | D:8      | Killed a troll
  6600 | D:8      | Got a faintly glowing chain mail
  6611 | D:8      | Identified the +10 chain mail of Onuu {rElec} (You found it
                  | on level 8 of the Dungeon)
  6681 | D:8      | Noticed a queen bee
  6763 | D:8      | Killed a queen bee
  6781 | D:8      | Reached skill level 5 in Polearms
  7280 | D:9      | Identified the +11 flail of the Briny Deep {freeze, +Inv
                  | Str+2 Dex+2} (You found it on level 8 of the Dungeon)
  7305 | D:9      | Reached XP level 10. HP: 90/90 MP: 9/9
  7331 | D:9      | Got a shimmering ruby amulet
  7333 | D:9      | Identified the amulet "Myuroban" {RegenMP +Inv rElec rPois}
                  | (You found it on level 9 of the Dungeon)
  7374 | D:9      | Found a faded altar of an unknown god.
  7374 | D:9      | Found a basalt altar of Yredelemnul.
  7379 | D:9      | Found a shattered altar of Ashenzari.
  7381 | D:9      | Found a faded altar of an unknown god.
  7382 | D:9      | Found a glowing silver altar of Zin.
  7480 | D:9      | Reached ***** piety under Trog
  7638 | D:9      | Reached skill level 1 in Maces & Flails
  7699 | D:9      | Found Iwoc's Antique Armour Emporium.
  7708 | D:9      | Bought a fine robe for 216 gold pieces
  7718 | D:9      | Identified the +0 robe of Wu Jian's Generosity {rC+ rCorr
                  | Slay-6} (You bought it in a shop on level 9 of the Dungeon)
  7944 | D:10     | Entered Level 10 of the Dungeon
  7948 | D:10     | Found a staircase to the Orcish Mines.
  8387 | D:10     | Noticed Nergalle
  8418 | D:10     | Killed Nergalle
  8660 | D:10     | Reached skill level 10 in Fighting
  8706 | D:10     | Killed an unseen horror
  8967 | D:10     | Found a staircase to the Lair.
  9013 | D:10     | Noticed Grum
  9030 | D:10     | Killed Grum
  9053 | D:10     | Found Qoimihoc's Book Shoppe.
  9318 | D:11     | Found a frozen archway.
  9328 | D:11     | Reached XP level 11. HP: 100/100 MP: 10/10
  9348 | IceCv    | Entered an ice cave
  9348 | IceCv    | Noticed a white ugly thing
  9379 | IceCv    | Reached skill level 11 in Long Blades
  9383 | IceCv    | Killed a white ugly thing
  9579 | IceCv    | Found a transporter.
  9632 | IceCv    | Noticed a white ugly thing
  9640 | IceCv    | Killed a white ugly thing
  9645 | IceCv    | Found a transporter.
  9653 | IceCv    | Reached skill level 10 in Armour
  9667 | IceCv    | Got a pair of translucent gloves
  9678 | IceCv    | Identified the +0 pair of gloves of Erphialoan {MP+9 Str+3
                  | Stlth+} (You found it in an ice cave)
 10744 | D:12     | Found Pausach's Jewellery Boutique.
 10764 | D:12     | Reached skill level 5 in Short Blades
 10940 | D:12     | Noticed a sun demon
 11288 | D:12     | Reached skill level 12 in Long Blades
 11656 | D:12     | Reached skill level 5 in Maces & Flails
 11849 | D:12     | Noticed a five-headed hydra
 11851 | D:12     | Noticed a wolf spider
 11857 | D:12     | Killed an unseen horror
 11868 | D:12     | Killed a five-headed hydra
 11868 | D:12     | Reached XP level 12. HP: 80/110 MP: 11/11
 11881 | D:12     | Got a jewelled chain mail
 11886 | D:12     | Got a fine trident
 11890 | D:12     | Got a slimy chain mail
 12648 | Temple   | Identified the cursed +1 chain mail "Qekhiwi" {Slay+2} (You
                  | found it on level 12 of the Dungeon)
 12659 | Temple   | Identified the +1 chain mail "Kympeiti" {rC+ MP+9 Str+3
                  | Dex+4} (You found it on level 12 of the Dungeon)
 12666 | Temple   | Identified the +7 trident "Dolierot" {flame, MR+ Dex+4}
                  | (You found it on level 12 of the Dungeon)
 13248 | D:13     | Noticed an ogre mage
 13277 | D:13     | Killed an ogre mage
 13288 | D:13     | Received a gift from Trog
 13551 | D:13     | Noticed a two-headed ogre
 13554 | D:13     | Noticed a centaur warrior
 13574 | D:13     | Slain by a very large slime creature

Illustrated notes

Levels and vault maps discovered:
D:1:      minmay_arrival_loop, layout_basic
D:2:      layout_rooms, minmay_tall_x
D:3:      layout_basic, first_ration
D:4:      layout_layer_cave, kennysheep_little_box
D:5:      layout_basic, minmay_temple_entry_slanted,
          hangedman_abyss_or_decor_stabs
D:6:      layout_loops_ring, overflow_temple_1_default, marbit_many_paths,
          minmay_shop_damaged, nicolae_dithmenos_the_darkroom, uniq_duvessa,
          uniq_eustachio
D:7:      layout_rooms
D:8:      layout_loops_cross, lemuel_round_altar, kennysheep_mini,
          david_nohive_1, amethyst_killhole
D:9:      layout_gridville, tgw_trog, chequers_temple_overflow_minitemple,
          serial_shops, shop, serial_ice, serial_ice_m, serial_ice_d,
          serial_ice_k, serial_ice_o
D:10:     layout_long_grid, dpeg_oklobed_lair, minmay_orc_entry_guard_dogs,
          serial_shops, shop, uniq_nergalle, uniq_grum
D:11:     layout_loops_ring, portal_ice_cave_entry_pillars_2
D:12:     minmay_the_grid_triangle_9x9_rhombus_thin
          [minmay_the_grid_triangle_9x9_pentomino_pain,
          minmay_the_grid_triangle_9x9_prize_insulated,
          minmay_the_grid_triangle_9x9_longest,
          minmay_the_grid_triangle_9x9_impossible_snake], layout_irregular_city,
          serial_shops, nicolae_shop_behind_doors
D:13:     layout_roguey, hangedman_vaults_entry_quadrant_bands,
          grunt_ministairs_14
Temple:   nicolae_temple_figure_eight

Skill      XL: |  1  2  3  4  5  6  7  8  9 10 11 12 |
---------------+-------------------------------------+-----
Long Blades    | 4 5 6 7 8 9 10 12 | 12.6
Fighting       | 4 5 6 7 8 10 11 | 11.8
Dodging        | 3 4 5 6 8 9 |  9.2
Armour         | 3 5 6 8 9 10 11 | 11.6
Throwing       | 1 2 |  2.2
Short Blades   | 1 2 4 5 |  5.4
Polearms       | 5 7 |  7.7
Maces & Flails | 4 5 |  5.9

Action                   |  1- 3 |  4- 6 |  7- 9 | 10-12 || total
-------------------------+-------+-------+-------+-------++-------
Melee: Falchion          |    87 |   148 |    48 |       ||   283
       Headbutt          |     7 |    19 |    86 |   169 ||   281
       Dagger            |       |    29 |       |       ||    29
       Long sword        |       |       |   128 |   312 ||   440
       Short sword       |       |       |    18 |       ||    18
       Quick blade       |       |       |   108 |   124 ||   232
       Trident           |       |       |    47 |    47 ||    94
       Flail             |       |       |     2 |    87 ||    89
       Scimitar          |       |       |       |     2 ||     2
Throw: Dart              |       |     3 |     3 |    10 ||    16
Invok: Trog's Hand       |     2 |     2 |     1 |     2 ||     7
       Berserk           |       |     1 |       |     1 ||     2
       Brothers in Arms  |       |       |     1 |     7 ||     8
  Use: Scroll            |     4 |     5 |     5 |    13 ||    27
       Potion            |     3 |       |     3 |     3 ||     9
 Stab: Sleeping          |       |       |       |     1 ||     1
       Distracted        |       |       |       |     1 ||     1
  Eat: Chunk             |     1 |     9 |    14 |    16 ||    40
       Ration            |       |       |       |     3 ||     3
Armor: Animal skin       |    16 |       |       |       ||    16
       Leather armour    |       |    26 |       |    21 ||    47
       Ring mail         |       |    24 |    17 |       ||    41
       Scale mail        |       |       |    85 |       ||    85
       Chain mail        |       |       |    54 |   417 ||   471
Dodge: Dodged            |    83 |   137 |   179 |   411 ||   810
       Rpst.: Falchion   |    22 |    30 |    12 |       ||    64
       Long sword        |       |       |    22 |    55 ||    77
